 Dungeon Crawl Stone Soup version 0.31-a0-167-g1c394c0614 (webtiles) character file.

Game seed: 2377031113852162048

8 mopl the Vexing (level 2, 0/15 HPs)
             Began as a Deep Elf Enchanter on June 14, 2023.
             Slain by a goblin
             ... wielding a +0 dagger
              (3 damage)
             ... on level 1 of the Dungeon.
             The game lasted 00:00:21 (187 turns).

mopl the Vexing (Deep Elf Enchanter)                 Turns: 187, Time: 00:00:22

Health: 0/15       AC:  2    Str:  5    XL:     2   Next: 0%
Magic:  8/8        EV: 12    Int: 19    God:
Gold:   22         SH:  0    Dex: 15    Spells: 7/7 levels left

rFire   . . .        a - +1 dagger
rCold   . . .        (no shield)
rNeg    . . .        b - +0 robe
rPois   .            (no helmet)
rElec   .            (no cloak)
rCorr   .            (no gloves)
SInv    .            (no boots)
Will    .....        (no amulet)
Stlth   +++          (no ring)
HPRegen 0.22/turn    (no ring)
MPRegen 0.11/turn

%: no passive effects
@: no status effects
A: no striking features
a: no special abilities


You were on level 1 of the Dungeon.
You visited 1 branch of the dungeon, and saw 1 of its levels.

You collected 22 gold pieces.

Inventory:

Hand Weapons
 a - a +1 dagger (weapon)
Armour
 b - a +0 robe (worn)
Potions
 c - 3 potions of invisibility


   Skills:
 + Level 0.3 Fighting
 + Level 1.2 Short Blades
 - Level 2.4 Dodging
 + Level 3.8 Stealth
 + Level 3.2 Spellcasting
 + Level 4.1 Hexes


You had 7 spell levels left.
You didn't know any spells.
Your spell library contained the following spells:

 Spells                   Type           Power      Damage    Failure   Level
 Confusing Touch          Hex            18%        N/A       9%          3
 Tukima's Dance           Hex            18%        N/A       9%          3
 Ensorcelled Hibernation  Hex/Ice        22%        N/A       10%         2
 Dazzling Flash           Conj/Hex       22%        N/A       19%         3


Dungeon Overview and Level Annotations

Branches:
Dungeon (1/15)

Altars:


Message History

No target in view!
You open the door.
There is an open door here.
You now have 13 gold pieces (gained 8).
You now have 22 gold pieces (gained 9).
You open the door.
There is an open door here.
A giant cockroach comes into view.
A giant cockroach is nearby!
The helpless giant cockroach fails to defend itself.
You impale the giant cockroach!!
You kill the giant cockroach!
A bat comes into view.
A goblin comes into view. It is wielding a +0 dagger.
An endoplasm comes into view.
The helpless bat fails to defend itself.
You impale the bat!!
You kill the bat!
The endoplasm freezes you.
You are frozen.
The endoplasm attacks as you move away!
The endoplasm hits you but does no damage.
The endoplasm attacks as you move away! The endoplasm barely misses you.
You hit the endoplasm.
The endoplasm is severely wounded.
The endoplasm freezes you.
You are frozen.
* * * LOW HITPOINT WARNING * * *
You hit the endoplasm but do no damage.
The endoplasm is severely wounded.
You hit the endoplasm.
You kill the endoplasm!
You have reached level 2!
You closely miss the goblin. The goblin completely misses you.
You closely miss the goblin. The goblin hits you with a +0 dagger.
* * * LOW HITPOINT WARNING * * *
You closely miss the goblin. The goblin hits you with a +0 dagger.
* * * LOW HITPOINT WARNING * * *
You hit the goblin but do no damage. The goblin hits you with a +0 dagger.
You die...

# # ######## #.# #......#
#.# #......# #.. #####
#......###### #...#
#......'....# #†..#
#......####.#
#####...###########'#####..
..........g@................
####################.#######
#...# #.#...... ###.#
#.#..#### #.# #.#..#... #.#
###.#..#.#. #.# #...#..#.#.
#.##########.###(.#.#.
#.................#.#.


You could see a goblin.

Vanquished Creatures
  2 endoplasms (D:1)
  A giant cockroach (D:1)
  A hobgoblin (D:1)
  A bat (D:1)
  3 rats (D:1)
8 creatures vanquished.

Notes
Turn   | Place    | Note
-------+----------+-------------------------------------------
     0 | D:1      | mopl the Deep Elf Enchanter began the quest for the Orb.
     0 | D:1      | Reached XP level 1. HP: 10/10 MP: 6/6
   184 | D:1      | Reached XP level 2. HP: 5/15 MP: 8/8
   187 | D:1      | Slain by a goblin

Illustrated notes

Levels and vault maps discovered:
D:1:      reono_arrival_mine, layout_basic

Action                     || total
---------------------------++-------
  Melee: Dagger            ||    22
   Stab: Sleeping          ||     4
 Armour: Robe              ||     3
  Dodge: Dodged            ||     5

Table legend: (Time is in decaauts)
 A = Elapsed time spent in this place.
 B = Non-inter-level travel time spent in this place.
 C = Inter-level travel time spent in this place.
 D = Time resting spent in this place.
 E = Time spent auto-exploring this place.
 F = Levels seen in this place.
 G = Mean time per level.
                   A        B        C        D        E       F      G
               +--------+--------+--------+--------+--------+-----+--------+
         Total |    185 |    185 |      0 |      0 |    130 |   1 |  185.0 |
       Dungeon |    185 |    185 |      0 |      0 |    130 |   1 |  185.0 |
               +--------+--------+--------+--------+--------+-----+--------+

Top non-repeatable levels by time:
     D:1: 185 daAuts
